AoeStats
← Traveller

Arabia

510197770Analyzed
2v2 RM · 2d ago on Sep 29, 2026· 36m 36s· 4 players
Game mode
Random Map
Map size
Medium (4 player)
Population
200
Speed
Normal
Resources
Standard
Victory
Conquest
Starting age
Dark Age
Ending age
Imperial Age
RankedLock teamsTeams togetherTeam positionsShared explorationLock speedFull tech treeHidden civsTurbo modeCheats
Victory
Defeat
🇧🇷 Mongols · Brazil
730
+15
🇩🇴 Lithuanians · Dominican Republic
701
+16
🇩🇪 Vietnamese · Germany
748
-18
🇩🇪 Bulgarians · Germany
650
-13
Explorer
8:49 Loom
11:49 Feudal Age
12:46 Double-Bit Axe
16:06 Wheelbarrow
16:44 Fletching
16:52 Horse Collar
23:30 Castle Age
22:07 Padded Archer Armor
24:28 Bodkin Arrow
24:45 Bow Saw
24:37 Heavy Plow
25:26 Hand Cart
25:39 Gold Mining
26:17 Leather Archer Armor
30:20 Thumb Ring
29:36 Crossbowman
35:10 Stone Mining
Traveller
11:10 Feudal Age
11:46 Double-Bit Axe
15:12 Horse Collar
18:34 Scale Barding Armor
20:35 Forging
21:22 Gold Mining
23:41 Castle Age
24:20 Stone Mining
24:50 Bow Saw
24:42 Heavy Plow
25:21 Gold Shaft Mining
25:45 Husbandry
26:25 Iron Casting
a.mglass
0:46 Loom
12:47 Feudal Age
14:55 Wheelbarrow
14:22 Double-Bit Axe
15:03 Horse Collar
19:00 Man-at-Arms
19:26 Arson
19:49 Gold Mining
23:09 Castle Age
22:50 Stone Mining
23:22 Scale Mail Armor
23:38 Forging
25:02 Bow Saw
24:56 Heavy Plow
28:09 Long Swordsman
29:45 Stone Shaft Mining
31:53 Pikeman
32:33 Squires
32:55 Chain Mail Armor
33:16 Iron Casting
32:31 Fletching
32:42 Padded Archer Armor
32:48 Scale Barding Armor
36:43 Hand Cart
37:06 Hill Forts
ShiNiGaMiD2263
11:58 Feudal Age
16:45 Castle Age
18:22 Double-Bit Axe
18:21 Horse Collar
19:24 Bloodlines
20:23 Forging
24:45 Husbandry
28:45 Iron Casting
29:21 Scale Barding Armor
30:32 Chain Barding Armor
32:17 Gold Mining
32:42 Bow Saw
32:33 Heavy Plow
34:49 Wheelbarrow
34:57 Gold Shaft Mining
Connection lost

Rejoining the realm…

Still unreachable

The connection could not be restored.

Session expired

The server has moved on; the page needs a fresh start.